 Dungeon Crawl Stone Soup version 0.26-b1-57-gb162d0664a (webtiles) character file.

Game seed: 15646184378431443687

8626 Gauvater the Covert (level 11, -9/69 HPs)
             Began as a Kobold Hunter on Jan 8, 2021.
             Was an Elder of Vehumet.
             Mangled by a gargoyle
             ... wielding a +0 mace
              (20 damage)
             ... on level 10 of the Dungeon.
             The game lasted 01:42:54 (14285 turns).

Gauvater the Covert (Kobold Hunter)                Turns: 14285, Time: 01:42:55

Health: -9/69      AC:  4    Str:  9    XL:     11   Next: 59%
Magic:  21/21      EV: 23    Int: 23    God:    Vehumet [****..]
Gold:   649        SH:  0    Dex: 23    Spells: 20/23 levels left

rFire    . . .     SeeInvis .   p - +4 scimitar (flame)
rCold    + . .     Faith    .   (shield restricted)
rNeg     . . .     Spirit   .   H - +0 robe of Starshine {Harm +Fly rPois Slay+4}
rPois    +         Reflect  .   (helmet restricted)
rElec    .         Harm     +   (no cloak)
rCorr    .         Rampage  .   D - +0 pair of gloves
Will     .....                  h - +0 pair of boots
Stlth    ++++++....             (no amulet)
HPRegen  0.21/turn              M - +6 ring of intelligence
MPRegen  0.17/turn              A - +6 ring of dexterity

@: about to teleport
A: small, horns 1, clever 1, cold resistance 1, nightstalker 3, subdued magic 1
a: Renounce Religion, Evoke Flight


You were on level 10 of the Dungeon.
You worshipped Vehumet.
Vehumet was greatly pleased with you.
You visited 1 branch of the dungeon, and saw 10 of its levels.

You collected 649 gold pieces.

Inventory:

Hand Weapons
 a - a +5 dagger
 b - a +1 hand crossbow
 p - a +4 scimitar of flaming (weapon)
 O - a +2 vorpal falchion
Missiles
 g - 180 arrows
 l - 367 stones
 o - 93 sling bullets
 q - 2 datura-tipped darts
 t - 57 bolts
 E - 10 boomerangs
 G - 2 throwing nets (quivered)
 L - 18 poisoned darts
Armour
 h - a +0 pair of boots (worn)
 z - a +0 robe of cold resistance
 D - a +0 pair of gloves (worn)
 F - a +0 ring mail of fire resistance
 H - the +0 robe of Starshine (worn) {Harm +Fly rPois Slay+4}
   (You found it on level 5 of the Dungeon)

   It affects your accuracy and damage with ranged weapons and melee attacks
   (+4).
   It protects you from poison.
   It lets you fly.
   It increases damage dealt and taken.
 K - a +0 buckler
 U - a +0 helmet
Magical Staves
 B - an uncursed staff of air
Jewellery
 u - an uncursed ring of protection from cold
 A - a +6 ring of dexterity (right hand)
 I - an uncursed ring of protection from fire
 M - a +6 ring of intelligence (left hand)
 N - an uncursed ring of willpower
 P - an uncursed ring of resist corrosion
 Q - an uncursed ring of see invisible
Wands
 c - a wand of iceblast (12)
 n - a wand of disintegration (8)
 v - a wand of polymorph (6)
 x - a wand of paralysis (11)
 T - a wand of enslavement (11)
Scrolls
 d - 4 scrolls of magic mapping
 m - 3 scrolls of remove curse
 s - 3 scrolls of teleportation
 y - 2 scrolls of amnesia
 R - 2 scrolls of immolation {unknown}
Potions
 e - a potion of mutation
 f - 7 potions of curing
 i - 6 potions of degeneration
 j - 7 potions of heal wounds {unknown}
 k - a potion of flight {unknown}
 r - 3 potions of attraction {unknown}
 w - a potion of lignification {unknown}
 C - a potion of might {unknown}
 J - a potion of invisibility {unknown}
 S - a potion of brilliance {unknown}


   Skills:
 * Level 8.7 Fighting
 + Level 3.1(8.0) Short Blades
 + Level 7.3(7.5) Long Blades
 - Level 5.6 Crossbows
 - Level 1.7 Armour
 * Level 8.7 Dodging
 + Level 9.5 Stealth
 * Level 6.7 Spellcasting
 - Level 2.1 Ice Magic
 - Level 0.1 Evocations


You had 20 spell levels left.
You knew the following spells:

 Your Spells              Type           Power        Failure   Level
a - Frozen Ramparts       Ice            26%          2%          3

Your spell library contained the following spells:

 Spells                   Type           Power        Failure   Level
 Fireball                 Conj/Fire      2%           43%         5
 Magic Dart               Conj           20%          1%          1
 Conjure Flame            Conj/Fire      5%           5%          3
 Mephitic Cloud           Conj/Pois/Air  5%           5%          3
 Static Discharge         Conj/Air       5%           5%          3
 Blink                    Tloc           N/A          10%         2
 Call Imp                 Summ           5%           10%         2
 Slow                     Hex            5%           10%         2
 Lightning Bolt           Conj/Air       2%           43%         5
 Ignition                 Fire           2%           100%        8
 Shatter                  Erth           2%           100%        9
 Tornado                  Air            2%           100%        9


Dungeon Overview and Level Annotations

Branches:
Dungeon (10/15)            Temple (0/1) D:7
   Lair: D:8-11         Orc: D:9-12

Altars:
Dithmenos
Hepliaklqana
Kikubaaqudgha
Makhleb
Qazlal
Sif Muna
Trog
Uskayaw
Vehumet
Xom
Yredelemnul


Innate Abilities, Weirdness & Mutations

You are small and have problems with some larger weapons.
You are completely attuned to the shadows.
You have a pair of small horns on your head.
Your mind is acute. (Int +2)
Your flesh is cold resistant. (rC+)
Your spells are a little easier to cast, but a little less powerful.


Message History

You hit the gargoyle. You burn the gargoyle.
The gargoyle is lightly damaged.
The gargoyle hurls a stone arrow at you.
The stone arrow misses you.
You barely miss the gargoyle.
The gargoyle is lightly damaged.
The gargoyle hits you with a +0 mace!
It was a potion of mutation.
You feel extremely strange.
You feel clever. A pair of horns grows on your head!
Your +0 helmet falls away!
Your connection to magic feels subdued.
You feel resistant to cold.
The gargoyle hurls a stone arrow at you.
The stone arrow hits you!!
* * * LOW HITPOINT WARNING * * *
As you read the scroll of teleportation, it crumbles to dust.
You feel strangely unstable. The gargoyle completely misses you.
You barely miss the gargoyle.
The gargoyle is lightly damaged.
The gargoyle hits you with a +0 mace!
You die...

#....# #....#
#....# #.##.#
############....#
................#
.$..#.....#..#..#
##..#.....#..#..#
...9@...........#
#################


You could see a gargoyle.

Vanquished Creatures
  Harold (D:7)
  Erica (D:8)
  Pikel (D:7)
  A cyclops (D:9)
  Grinder (D:3)
  A redback (D:9)
  A wraith (D:9)
  A vampire (D:9)
  9 yaks
  Grum (D:8)
  Menkaure (D:4)
  3 ice beasts
  2 orc warriors
  4 sky beasts
  6 ogres
  3 wolves (D:8)
  2 centaurs
  2 phantoms
  A lemure (D:7)
  2 bullfrogs
  2 gnoll sergeants
  2 scorpions
  5 wights (D:6)
  5 killer bees
  4 howler monkeys
  A vampire bat (D:8)
  2 bullfrog zombies (D:6)
  4 hounds
  6 orc wizards
  A gnoll shaman (D:4)
  7 orc priests
  A jelly (D:7)
  2 bullfrog skeletons
  Terence (D:3)
  3 iguanas
  6 worker ants
  A hound skeleton (D:7)
  A hound zombie (D:6)
  2 worker ant zombies
  21 gnolls
  15 adders
  2 white imps
  2 ufetubi (D:6)
  An adder zombie (D:9)
  An adder skeleton (D:8)
  3 worms
  5 dart slugs
  2 leopard geckos (D:3)
  34 orcs
  4 bat skeletons (D:8)
  3 bat zombies (D:8)
  5 giant cockroaches
  7 goblins
  10 hobgoblins
  8 jackals
  12 kobolds
  A ball python (D:3)
  14 bats
  5 frilled lizards
  A quokka skeleton (D:9)
  A quokka zombie (D:5)
  3 rats
260 creatures vanquished.

Notes
Turn   | Place    | Note
-------+----------+-------------------------------------------
     0 | D:1      | Gauvater the Kobold Hunter began the quest for the Orb.
     0 | D:1      | Reached XP level 1. HP: 12/12 MP: 1/1
   161 | D:1      | Reached skill level 2 in Stealth
   168 | D:1      | Reached XP level 2. HP: 17/17 MP: 2/2
   300 | D:1      | Reached skill level 5 in Crossbows
   474 | D:1      | Reached XP level 3. HP: 22/22 MP: 3/3
  1988 | D:2      | Found a faded altar of an unknown god.
  2072 | D:2      | Found a shimmering altar of Xom.
  2111 | D:2      | Reached XP level 4. HP: 27/27 MP: 4/4
  2750 | D:2      | Upgraded the game from 0.26-b1-52-g61e05abef2 to
                  | 0.26-b1-57-gb162d0664a
  2825 | D:2      | Became a worshipper of Vehumet
  2825 | D:2      | Reached * piety under Vehumet
  2825 | D:2      | Offered knowledge of Magic Dart by Vehumet.
  2846 | D:3      | Noticed Grinder
  2853 | D:3      | Killed Grinder
  2854 | D:3      | Reached skill level 1 in Long Blades
  2854 | D:3      | Reached skill level 1 in Armour
  2854 | D:3      | Reached skill level 3 in Stealth
  2854 | D:3      | Reached skill level 1 in Spellcasting
  2854 | D:3      | Reached XP level 5. HP: 29/33 MP: 4/7
  2854 | D:3      | Reached XP level 6. HP: 34/38 MP: 4/8
  3593 | D:3      | Found a stormy altar of Qazlal.
  3593 | D:3      | Found a bloodstained altar of Trog.
  3602 | D:3      | Found a shimmering blue altar of Sif Muna.
  3606 | D:3      | Found a hazy altar of Hepliaklqana.
  3606 | D:3      | Found a hide-covered altar of Uskayaw.
  3624 | D:3      | Noticed Terence
  3634 | D:3      | Killed Terence
  4000 | D:3      | Offered knowledge of Shock by Vehumet.
  4367 | D:3      | Reached XP level 7. HP: 35/43 MP: 10/10
  4587 | D:4      | Reached ** piety under Vehumet
  4935 | D:4      | Noticed Menkaure
  4945 | D:4      | Killed Menkaure
  5239 | D:4      | Reached skill level 4 in Stealth
  5239 | D:4      | Reached XP level 8. HP: 29/48 MP: 12/12
  5820 | D:4      | Reached skill level 5 in Fighting
  5975 | D:5      | Entered Level 5 of the Dungeon
  6065 | D:5      | Got a pair of spiked gloves
  6075 | D:5      | Identified the cursed +0 pair of gloves of Dim Light {*Slow
                  | Str-5 Dex+7} (You found it on level 5 of the Dungeon)
  6302 | D:5      | Got a faintly glowing robe
  6312 | D:5      | Identified the cursed +0 robe of Starshine {Harm +Fly rPois
                  | Slay+4} (You found it on level 5 of the Dungeon)
  6467 | D:5      | Found a burning altar of Makhleb.
  7433 | D:6      | Reached skill level 5 in Dodging
  8083 | D:6      | Reached XP level 9. HP: 54/54 MP: 14/14
  8102 | D:6      | Reached skill level 5 in Stealth
  8838 | D:6      | Reached skill level 5 in Long Blades
  9232 | D:7      | Noticed Harold
  9236 | D:7      | Killed Harold
  9236 | D:7      | Offered knowledge of Dazzling Flash by Vehumet.
  9476 | D:7      | Reached XP level 10. HP: 63/63 MP: 17/17
  9497 | D:7      | Reached *** piety under Vehumet
  9574 | D:7      | Reached skill level 6 in Stealth
  9574 | D:7      | Reached skill level 5 in Spellcasting
  9594 | D:7      | Found a staircase to the Ecumenical Temple.
  9732 | D:7      | Reached skill level 1 in Short Blades
 10308 | D:7      | Found a basalt altar of Yredelemnul.
 10410 | D:8      | Offered knowledge of Frozen Ramparts by Vehumet.
 10415 | D:8      | Learned a level 3 spell: Frozen Ramparts
 10594 | D:7      | Noticed Pikel
 10605 | D:7      | Killed Pikel
 10606 | D:7      | Reached skill level 7 in Stealth
 10678 | D:7      | Reached skill level 1 in Ice Magic
 10994 | D:8      | Noticed Grum
 11015 | D:8      | Killed Grum
 11377 | D:8      | Noticed Erica
 11381 | D:8      | Killed Erica
 11382 | D:8      | Reached skill level 8 in Stealth
 11382 | D:8      | Reached XP level 11. HP: 68/68 MP: 18/20
 11415 | D:8      | Found a shadowy altar of Dithmenos.
 11886 | D:8      | Found an ancient bone altar of Kikubaaqudgha.
 12027 | D:8      | Reached **** piety under Vehumet
 12618 | D:8      | Offered knowledge of Fireball by Vehumet.
 13911 | D:9      | Noticed a cyclops
 13915 | D:9      | Killed a cyclops
 13916 | D:9      | Reached skill level 9 in Stealth
 13956 | D:9      | Noticed a death knight
 13974 | D:9      | Noticed a manticore
 14033 | D:10     | Entered Level 10 of the Dungeon
 14283 | D:10     | Gained mutation: Your mind is acute. (Int +2) [potion of
                  | mutation]
 14283 | D:10     | Gained mutation: You have a pair of small horns on your
                  | head. [potion of mutation]
 14283 | D:10     | Gained mutation: Your spells are a little easier to cast,
                  | but a little less powerful. [potion of mutation]
 14283 | D:10     | Gained mutation: Your flesh is cold resistant. (rC+)
                  | [potion of mutation]
 14285 | D:10     | Mangled by a gargoyle

Illustrated notes

Levels and vault maps discovered:
D:1:      dpeg_arrival_lava_temple_mockup, layout_loops_corners
D:2:      layout_basic, nicolae_overflow_crystal_walls, serial_corexii_hall,
          corexii_hall_statues_x, chequers_hall_statues_wall_a,
          chequers_hall_statues_wall_a, corexii_hall_statues_x,
          chequers_ecumenical_altar_simple, kennysheep_pointless_box,
          minmay_pentomino_s4
D:3:      layout_loops_corners, minitemple, serial_rivers,
          chequers_serial_rivers_small_3, chequers_serial_rivers_small_b,
          chequers_serial_rivers_small_a, chequers_serial_rivers_small_3,
          chequers_serial_rivers_micro_a, palyth_stone_intersect, uniq_terence,
          uniq_grinder
D:4:      layout_cave_pools, serial_column_ruins, column_ruins_columns_straight,
          column_ruins_columns_straight, column_ruins_grid_1,
          column_ruins_open_tiny, corexii_checkpoint_a, lightli_minifort,
          uniq_menkaure
D:5:      layout_basic, kennysheep_mini
D:6:      layout_cave_pods, chequers_avenue, minmay_bent
D:7:      layout_basic, general_overflow_altar, minmay_temple_entry_offerings,
          uniq_pikel, uniq_harold
D:8:      layout_gridville, nicolae_dithmenos_the_darkroom,
          kennysheep_vampire_church, minivault_25, minmay_misc_feat_room,
          uniq_erica, uniq_grum
D:9:      layout_loops_cross, erik_orc_1, minmay_evil_grid
D:10:     layout_stronghold, due_lair_maze_entry_diamond

Skill      XL: |  1  2  3  4  5  6  7  8  9 10 11 |
---------------+----------------------------------+-----
Stealth        | 2 3 4 5 8 9 |  9.5
Crossbows      | 5 |  5.6
Fighting       | 3 4 5 7 8 |  8.7
Long Blades    | 1 3 4 5 6 7 |  7.3
Armour         | 1 |  1.7
Dodging        | 3 4 5 6 7 8 |  8.7
Spellcasting   | 1 2 3 4 6 |  6.7
Short Blades   | 2 3 |  3.1
Ice Magic      | 2 |  2.1
Evocations     | |  0.1

Action                   |  1- 3 |  4- 6 |  7- 9 | 10-12 || total
-------------------------+-------+-------+-------+-------++-------
Melee: Short sword       |    13 |       |       |       ||    13
       Long sword        |     4 |   112 |   210 |    10 ||   336
       Dagger            |       |     3 |    10 |    75 ||    88
       Falchion          |       |       |       |    74 ||    74
       Scimitar          |       |       |       |    73 ||    73
 Fire: Hand crossbow     |    64 |    13 |    47 |     2 ||   126
Throw: Stone             |     3 |    11 |     1 |       ||    15
       Dart              |       |       |     5 |     2 ||     7
       Throwing net      |       |       |       |     1 ||     1
 Abil: Evoke Flight      |       |       |       |     1 ||     1
Evoke: Wand              |       |     1 |     3 |     2 ||     6
  Use: Scroll            |       |     5 |     4 |     4 ||    13
       Potion            |       |       |       |     4 ||     4
 Stab: Sleeping          |       |    11 |    10 |    38 ||    59
       Distracted        |       |     1 |     1 |     2 ||     4
       Held in net/web   |       |       |       |     1 ||     1
Armor: Leather armour    |     8 |    22 |    21 |       ||    51
       Robe              |       |       |    16 |    19 ||    35
Dodge: Dodged            |    26 |   102 |   199 |   229 ||   556
       Rpst.: Long sword |       |    34 |    47 |     1 ||    82
       Falchion          |       |       |       |    21 ||    21
       Scimitar          |       |       |       |    22 ||    22
